 Dungeon Crawl Stone Soup version 0.31-a0-18-gea43df2a32 (webtiles) character file.

Game seed: 3172574225908386296

41906 snetch the Protected (level 13, -28/178 HPs)
             Began as a Minotaur Berserker on May 4, 2023.
             Was a High Priest of Trog.
             Killed from afar by a hell hog (45 damage)
             ... with a fireball
             ... on level 2 of the Abyss on May 12, 2023.
             The game lasted 01:01:11 (17186 turns).

snetch the Protected (Minotaur Berserker)          Turns: 17186, Time: 01:01:12

Health: -28/178    AC: 30    Str: 33    XL:     13   Next: 82%
Magic:  0/12       EV:  9    Int:  4    God:    Trog [*****.]
Gold:   1170       SH: 13    Dex: 10    Spells: 12/12 levels left

rFire   . . .        a - +10 trident of Toasch {protect, +Blink rElec rC+}
rCold   + . .        V - +2 kite shield
rNeg    . . .        S - +0 plate armour
rPois   .            M - +0 hat
rElec   +            v - +0 cloak
rCorr   .            (no gloves)
SInv    .            h - +0 pair of boots
Will    .....        J - amulet of guardian spirit Stlth
                     U - +4 ring of protection
HPRegen 0.49/turn    n - +6 ring of strength
MPRegen 0.13/turn

%: guardian spirit
@: berserking, under a protective aura, very quick
A: horns 2, retaliatory headbutt
a: Renounce Religion, Evoke Blink, Berserk, Trog's Hand, Brothers in Arms


You were on level 2 of the Abyss.
You worshipped Trog.
Trog was extremely pleased with you.
You visited 3 branches of the dungeon, and saw 18 of its levels.
You visited the Abyss 1 time.
You also visited: Ossuary.

You collected 1251 gold pieces.
You spent 81 gold pieces at shops.

Inventory:

Hand Weapons
 a - the +10 trident of Toasch (weapon) {protect, +Blink rElec rC+}
   (You found it on level 13 of the Dungeon)

   rC:        It protects you from cold.
   rElec:     It insulates you from electricity.
   +Blink:    It lets you blink.
 b - a +0 broad axe
Missiles
 d - 9 boomerangs
 f - 194 stones
 s - 6 javelins
 N - a throwing net
 O - 8 atropa-tipped darts
 Y - 26 poisoned darts (quivered)
Armour
 h - a +0 pair of boots (worn)
 v - a +0 cloak (worn)
 M - a +0 hat (worn)
 S - a +0 plate armour (worn)
 V - a +2 kite shield (worn)
Jewellery
 n - a +6 ring of strength (right hand)
 q - a ring of resist corrosion
 J - an amulet of guardian spirit (around neck)
 R - a ring of flight
 U - a +4 ring of protection (left hand)
Wands
 u - a wand of roots (19)
 w - a wand of digging (4)
 x - a wand of paralysis (29)
 H - a wand of flame (18)
 Z - a wand of quicksilver (22)
Scrolls
 e - 8 scrolls of magic mapping
 i - 4 scrolls of amnesia {unknown}
 j - a scroll of butterflies
 l - 3 scrolls of fog
 m - 5 scrolls of vulnerability {unknown}
 r - a scroll of silence
 t - 2 scrolls of noise {unknown}
 y - 5 scrolls of enchant weapon {unknown}
 G - 17 scrolls of teleportation {unknown}
 I - 3 scrolls of enchant armour {unknown}
 P - 2 scrolls of brand weapon
 Q - 2 scrolls of poison {unknown}
 W - 3 scrolls of immolation {unknown}
 X - 4 scrolls of fear {unknown}
Potions
 c - 2 potions of attraction {unknown}
 g - a potion of haste
 k - 7 potions of heal wounds {unknown}
 o - 3 potions of cancellation {unknown}
 p - a potion of flight {unknown}
 z - 6 potions of degeneration {unknown}
 A - 2 potions of mutation
 B - 2 potions of might
 C - 3 potions of curing
 D - 4 potions of berserk rage {unknown}
 E - 6 potions of lignification
 F - a potion of invisibility
 L - a potion of ambrosia
 T - a potion of resistance {unknown}
Miscellaneous
 K - a box of beasts


   Skills:
 + Level 12.8 Fighting
 + Level 6.4(12.0) Axes
 + Level 8.6(9.6) Maces & Flails
 - Level 13.4(14.0) Polearms
 - Level 6.0 Throwing
 + Level 14.4 Armour
 + Level 5.3 Dodging
 + Level 1.6 Stealth
 + Level 11.0 Shields
 + Level 1.0 Evocations


You had 12 spell levels left.
You didn't know any spells.
Your spell library contained the following spells:

 Spells                   Type           Power      Damage    Failure   Level
 Kiss of Death            Conj/Necr      0%         2d5       99%         1
 Summon Small Mammal      Summ           0%         N/A       99%         1
 Ensorcelled Hibernation  Hex/Ice        0%         N/A       99%         2
 Passwall                 Tmut/Erth      0%         N/A       99%         2
 Poisonous Vapours        Pois/Air       0%         N/A       99%         2
 Sublimation of Blood     Necr           0%         N/A       99%         2
 Wereblood                Tmut           0%         N/A       99%         2
 Call Canine Familiar     Summ           0%         N/A       100%        3
 Confusing Touch          Hex            0%         N/A       100%        3
 Frozen Ramparts          Ice            0%         1d1       100%        3
 Mephitic Cloud           Conj/Pois/Air  0%         N/A       100%        3
 Portal Projectile        Hex/Tloc       0%         N/A       100%        3
 Summon Guardian Golem    Hex/Summ       0%         N/A       100%        3
 Swiftness                Air            0%         N/A       100%        3
 Tukima's Dance           Hex            0%         N/A       100%        3
 Vhi's Electric Charge    Tloc/Air       0%         N/A       100%        3
 Dispel Undead            Necr           0%         3d6       100%        4
 Ice Form                 Ice/Tmut       0%         N/A       100%        4
 Manifold Assault         Tloc           0%         N/A       100%        4
 Petrify                  Tmut/Erth      0%         N/A       100%        4
 Summon Ice Beast         Ice/Summ       0%         N/A       100%        4
 Summon Lightning Spire   Summ/Air       0%         N/A       100%        4
 Arcjolt                  Conj/Air       0%         1d10      100%        5
 Blade Hands              Tmut           0%         N/A       100%        5
 Freezing Cloud           Conj/Ice/Air   0%         6-21      100%        5
 Metabolic Englaciation   Hex/Ice        0%         N/A       100%        5
 Dispersal                Tloc           0%         N/A       100%        6
 Statue Form              Tmut/Erth      0%         N/A       100%        6
 Orb of Destruction       Conj           0%         9d5       100%        7
 Spellforged Servitor     Conj/Summ      0%         N/A       100%        7
 Storm Form               Tmut/Air       0%         N/A       100%        7
 Summon Hydra             Summ           0%         N/A       100%        7
 Disjunction              Tloc           0%         N/A       100%        8
 Maxwell's Capacitive Co  Air            0%         ∞         100%        8


Dungeon Overview and Level Annotations

Branches:
Dungeon (13/15)            Temple (1/1) D:6            Lair (4/5) D:11
  Swamp (0/4) Lair:3       Spider (0/4) Lair:2        Slime (0/5) Lair:4
    Orc (0/2) D:11        Ossuary (visited)
 Vaults: D:13-14

Altars:
Ashenzari
Cheibriados
Dithmenos
Elyvilon
Fedhas
Gozag
Hepliaklqana
Kikubaaqudgha
Makhleb
Nemelex Xobeh
Okawaru
Qazlal
Ru
Sif Muna
Trog
Uskayaw
Vehumet
Wu Jian
Xom
Yredelemnul
Zin
The Shining One
Jiyva
Lugonu

Shops:
D:2 *

Annotations:
D:12 3 runed translucent doors, Buoruf's ghost, journeyman MfIE; Sleet's ghost, journeyman MiBe; Tas Arev's ghost, journeyman DsEE
Lair:2 2 transporters, 2FriedEggs's ghost, journeyman DsAr
Lair:4 Sonja


Innate Abilities, Weirdness & Mutations

You have a pair of horns on your head.
You reflexively headbutt those who attack you in melee.


Message History

The fireball engulfs the hell hog.
The hell hog completely resists.
The hell hog squeals angrily. x2; You hear a bellow!
You barely miss the hell hog. You headbutt the hell hog.
The hell hog is heavily wounded.
The hell hog bites you. You block the hell hog's attack.
The hell hog bites you.
Unknown command.
You barely miss the hell hog.
The hell hog is heavily wounded.
The ynoxinul closely misses you.
Unknown command.
You barely miss the ynoxinul. You headbutt the ynoxinul!
The ynoxinul is moderately wounded.
The hell hog bites you but does no damage. x2
You block the hell hog's attack.
Unknown command.
You skewer the ynoxinul like a kebab!!!
You kill the ynoxinul!
Trog accepts your kill.
The ufetubus disappears in a puff of smoke!
The hell hog bites you!
Unknown command.
You completely miss the hell hog.
The hell hog is heavily wounded.
The hell hog bites you.
* * * LOW HITPOINT WARNING * * *
The hell hog breathes fire at you.
The fireball explodes!
The fireball engulfs you!!
* * * LOW HITPOINT WARNING * * *
The fireball engulfs the hell hog.
The hell hog completely resists.
The fireball engulfs the hell hog.
The hell hog completely resists.
The fireball engulfs the hell hog.
The hell hog completely resists.
You impale the hell hog!!
The hell hog is severely wounded.
The hell hog bites you.
* * * LOW HITPOINT WARNING * * *
You block the hell hog's attack. The hell hog breathes fire at you.
The fireball explodes!
The fireball engulfs you!!!
You die...

.........#.
...._..~∩.#
#...~~.... #
~#.....∩..#
#........#
~........##
~.#.......#
.~.......##≈##
..#....@.....#
......hhh...♣#
#....#.§.##..#
........## ###
..#.##..#. #
..## ..## #. .
..


You could see 3 hell hogs.

Vanquished Creatures
  A hydra (Lair:2)
  7 boulder beetles
  A two-headed ogre (D:8)
  A centaur warrior (D:13)
  8 death yaks
  A hell hog (Abyss:2)
  4 skeletal warriors (D:12)
  An ugly thing (D:11)
  2 cyclopes
  4 elephants
  A gargoyle (D:12)
  3 black mambas
  8 cane toads
  A torpor snail (Lair:2)
  2 kobold demonologists (D:10)
  3 unseen horrors
  4 komodo dragons
  2 trolls
  Grinder (D:4)
  2 hornets
  The ghost of horus123 the Ducker, an amateur MfGl (D:4)
  6 dream sheep (Lair:2)
  2 shadows
  3 wyverns
  2 basilisks (Lair:3)
  A vampire (D:12)
  A ynoxinul (Abyss:2)
  4 culicivoras (Lair:2)
  37 yaks
  5 steam dragons
  7 vampire mosquitoes (D:11)
  5 acid dragons
  9 water moccasins
  7 orc warriors
  An ice beast (D:8)
  A sky beast (D:6)
  2 black bears
  5 ogres
  8 wolves
  3 centaurs
  A phantom (D:6)
  2 kobold brigands
  9 bullfrogs
  2 gnoll sergeants
  2 scorpions (D:6)
  8 wights
  8 killer bees
  7 electric eels
  2 jellies
  9 orc priests
  2 hounds (D:4)
  Crazy Yiuf (D:4)
  6 sleepcaps
  A gnoll bouda (D:5)
  7 hell rats (Lair:3)
  6 iguanas
  11 orc wizards
  Natasha (thrice) (D:4)
  8 mummies (Ossuary)
  12 gnolls
  10 adders
  A shadow imp (D:7)
  2 white imps (D:6)
  4 ufetubi
  2 worms
  4 dart slugs
  42 orcs
  5 ball pythons
  8 endoplasms
  3 giant cockroaches
  8 goblins
  8 hobgoblins
  17 kobolds
  4 quokkas
  4 bats
  3 frilled lizards
  4 hobgoblin zombies (Ossuary)
  A kobold zombie (Ossuary)
  3 orc zombies (Ossuary)
  7 rats
414 creatures vanquished.

Vanquished Creatures (collateral kills)
  2 death yaks (Lair:1)
  A skeletal warrior (D:12)
3 creatures vanquished.

Grand Total: 417 creatures vanquished

Notes
Turn   | Place    | Note
-------+----------+-------------------------------------------
     0 | D:1      | snetch the Minotaur Berserker began the quest for the Orb.
     0 | D:1      | Reached XP level 1. HP: 19/19 MP: 0/0
   174 | D:1      | Reached XP level 2. HP: 27/27 MP: 1/1
   237 | D:2      | Reached XP level 3. HP: 33/33 MP: 2/2
   402 | D:1      | Found a faded altar of an unknown god.
   933 | D:3      | Reached ** piety under Trog
   934 | D:3      | Reached skill level 1 in Polearms
   934 | D:3      | Reached XP level 4. HP: 29/41 MP: 3/3
   943 | D:3      | Reached skill level 3 in Armour
  1011 | D:2      | Found a glowing golden altar of the Shining One.
  1135 | D:2      | You fall into a shaft and drop 2 floors!
  1136 | D:4      | Noticed an ogre
  1143 | D:4      | Killed an ogre
  1144 | D:4      | Reached skill level 5 in Fighting
  1144 | D:4      | Reached skill level 5 in Axes
  1144 | D:4      | Reached XP level 5. HP: 25/48 MP: 4/4
  1265 | D:4      | Found a bloodstained altar of Trog.
  1266 | D:4      | Noticed Natasha
  1286 | D:4      | Killed Natasha
  1297 | D:4      | Reached XP level 6. HP: 43/56 MP: 5/5
  1301 | D:4      | Noticed Natasha
  1309 | D:4      | Killed Natasha
  1372 | D:4      | Reached skill level 4 in Armour
  1479 | D:4      | Noticed Grinder
  1503 | D:4      | Killed Grinder
  1504 | D:4      | Reached XP level 7. HP: 33/61 MP: 6/6
  1509 | D:4      | Reached skill level 5 in Polearms
  1789 | D:3      | Found an ancient bone altar of Kikubaaqudgha.
  1789 | D:3      | Found a hazy altar of Hepliaklqana.
  1789 | D:3      | Found a sparkling altar of Nemelex Xobeh.
  1789 | D:3      | Found an opulent altar of Gozag.
  1798 | D:3      | Found a radiant altar of Vehumet.
  1798 | D:3      | Found a shimmering blue altar of Sif Muna.
  1799 | D:3      | Found a white marble altar of Elyvilon.
  1799 | D:3      | Found a basalt altar of Yredelemnul.
  1799 | D:3      | Found a blossoming altar of Fedhas.
  1868 | D:3      | Found a shimmering altar of Xom.
  1868 | D:3      | Found an ornate altar of the Wu Jian Council.
  1868 | D:3      | Found a stormy altar of Qazlal.
  1912 | D:2      | Found Imenest's General Store.
  1919 | D:2      | Bought a scroll of identify for 24 gold pieces
  1919 | D:2      | Bought a wand of roots (2) for 57 gold pieces
  2406 | D:4      | Found a runed translucent door.
  2407 | D:4      | Noticed Crazy Yiuf
  2414 | D:4      | Killed Crazy Yiuf
  2473 | D:5      | Entered Level 5 of the Dungeon
  2491 | D:5      | Reached *** piety under Trog
  2492 | D:5      | Reached skill level 1 in Maces & Flails
  2492 | D:5      | Reached skill level 5 in Armour
  2504 | D:5      | Found a sand-covered staircase.
  2509 | Ossuary  | Entered an ossuary
  3326 | D:4      | Noticed Natasha
  3330 | D:4      | Killed Natasha
  3415 | D:5      | Reached XP level 8. HP: 70/70 MP: 7/7
  3466 | D:4      | Found a runed translucent door.
  3471 | D:4      | Noticed horus123's ghost (amateur MfGl)
  3895 | D:4      | Identified the +0 robe "Moosay" {Fly SInv}
  4273 | D:5      | Reached skill level 5 in Maces & Flails
  4312 | D:5      | Reached **** piety under Trog
  4362 | D:6      | Identified the +3 quarterstaff "Qettin" {heavy, *Corrode
                  | Drain rN++ Dex+3}
  4372 | D:6      | Reached skill level 6 in Armour
  4784 | D:4      | Killed horus123's ghost
  4969 | D:5      | Reached XP level 9. HP: 53/79 MP: 3/8
  5658 | D:6      | Found a shadowy altar of Dithmenos.
  5711 | D:6      | Found a staircase to the Ecumenical Temple.
  5716 | Temple   | Entered the Ecumenical Temple
  6033 | D:7      | Identified the +0 ring mail of Impressiveness {rC+}
  6537 | D:8      | Reached skill level 7 in Armour
  6541 | D:8      | Reached skill level 1 in Shields
  6842 | D:8      | Noticed a two-headed ogre
  6849 | D:8      | Killed a two-headed ogre
  6850 | D:8      | Reached skill level 8 in Armour
  6853 | D:8      | Reached XP level 10. HP: 79/88 MP: 7/9
  7123 | D:9      | Reached ***** piety under Trog
  8087 | D:10     | Entered Level 10 of the Dungeon
  8112 | D:10     | Reached skill level 10 in Polearms
  8128 | D:10     | Reached skill level 9 in Armour
  8564 | D:9      | Reached XP level 11. HP: 97/97 MP: 10/10
  8736 | D:10     | Received a gift from Trog
  8737 | D:10     | Reached skill level 5 in Shields
  9114 | D:10     | Noticed a soul eater
  9117 | D:10     | Noticed a soul eater
  9310 | D:10     | Noticed a boulder beetle
  9324 | D:10     | Killed a boulder beetle
  9325 | D:10     | Reached skill level 1 in Throwing
  9566 | D:10     | Noticed a +0 short sword
  9566 | D:10     | Noticed a +0 falchion
  9567 | D:10     | Noticed a +0 dagger
  9567 | D:10     | Noticed a +0 short sword
  9568 | D:10     | Noticed a +0 spear
  9568 | D:10     | Noticed a +0 falchion
  9568 | D:10     | Noticed a +0 dagger
  9569 | D:10     | Noticed a +0 spear
  9577 | D:10     | Found a hide-covered altar of Uskayaw.
  9745 | D:11     | Noticed a red ugly thing
  9756 | D:11     | Killed a red ugly thing
 10099 | D:11     | Found a staircase to the Lair.
 10232 | D:12     | Noticed a boulder beetle
 10252 | D:12     | Killed a boulder beetle
 10253 | D:12     | Reached skill level 10 in Armour
 10328 | D:12     | Noticed a boulder beetle
 10355 | D:12     | Killed a boulder beetle
 10423 | D:11     | Reached skill level 10 in Fighting
 10462 | D:11     | Reached skill level 5 in Dodging
 10623 | D:11     | Found a staircase to the Orcish Mines.
 11463 | D:12     | Noticed a boulder beetle
 11476 | D:12     | Killed a boulder beetle
 11654 | D:12     | Reached skill level 5 in Throwing
 11668 | D:12     | Reached XP level 12. HP: 93/107 MP: 9/11
 11896 | D:12     | Reached skill level 11 in Armour
 11896 | D:12     | Reached skill level 1 in Stealth
 12156 | D:12     | Found a runed translucent gate.
 12157 | D:12     | Found a runed translucent gate.
 12157 | D:12     | Found a runed translucent gate.
 12161 | D:12     | Noticed Sleet's ghost (journeyman MiBe)
 12161 | D:12     | Noticed Tas Arev's ghost (journeyman DsEE)
 12161 | D:12     | Noticed Buoruf's ghost (journeyman MfIE)
 12289 | D:13     | Noticed a centaur warrior
 12296 | D:13     | Killed a centaur warrior
 12497 | D:12     | Noticed a boulder beetle
 12514 | D:12     | Killed a boulder beetle
 12958 | D:13     | Identified the +10 trident of Toasch {protect, +Blink rElec
                  | rC+}
 13033 | D:13     | Reached skill level 12 in Armour
 13163 | Lair:1   | Entered Level 1 of the Lair of Beasts
 13225 | Lair:1   | Upgraded the game from 0.31-a0-4-gefa6de2278 to
                  | 0.31-a0-18-gea43df2a32
 13412 | Lair:1   | Noticed a death yak
 13414 | Lair:1   | Noticed a death yak
 13414 | Lair:1   | Noticed a death yak
 13438 | Lair:1   | Killed a death yak
 13443 | Lair:1   | Killed a death yak
 13444 | Lair:1   | Killed a death yak
 13468 | Lair:1   | Noticed a death yak
 13479 | Lair:1   | Killed a death yak
 13620 | Lair:1   | You fall into a shaft and drop 1 floor!
 13621 | Lair:2   | Found a transporter.
 13626 | Lair:2   | Noticed 2FriedEggs's ghost (journeyman DsAr)
 13632 | Lair:2   | Noticed a death yak
 13726 | Lair:2   | Noticed an eight-headed hydra
 13745 | Lair:2   | Reached skill level 1 in Evocations
 13755 | Lair:2   | Killed an eight-headed hydra
 14395 | Lair:2   | Found a transporter.
 14408 | Lair:2   | Reached skill level 13 in Armour
 14408 | Lair:2   | Reached XP level 13. HP: 105/117 MP: 9/12
 14430 | Lair:2   | Found a hole to the Spider Nest.
 15272 | Lair:3   | Found a staircase to the Swamp.
 15285 | Lair:3   | Received a gift from Trog
 15576 | Lair:4   | Noticed Sonja
 15726 | Lair:3   | Reached skill level 10 in Shields
 16111 | Lair:3   | Reached skill level 14 in Armour
 17083 | Lair:4   | Found a viscous altar of Jiyva.
 17083 | Lair:4   | Found a staircase to the Slime Pits.
 17100 | Abyss:2  | Found a corrupted altar of Lugonu.
 17100 | Abyss:2  | Cast into level 2 of the Abyss (Sonja)
 17186 | Abyss:2  | Killed from afar by a hell hog

Illustrated notes

Levels and vault maps discovered:
D:1:      amcnicky_arrival_underground_garden, layout_loops_corners,
          dreamdust_ecumenical_altar_hidden_monk_grotto,
          hangedman_decor_riveting
D:2:      layout_loops_cross, basic_altar, serial_shops, shop
D:3:      layout_loops_ring, nicolae_overflows_in_rows, corexii_leaking_fountain
D:4:      layout_basic, mainiacjoe_overflow_concentric_impassable,
          ebering_ghost_sewer_d, minmay_misc_feat_plants, uniq_natasha,
          uniq_grinder, uniq_crazy_yiuf_cottage
D:5:      layout_loops_cross, nicolae_ossuary_entry_false_entrances
D:6:      layout_basic, lemuel_doored_altar, temple_doors_cd,
          minmay_fractal_squares_5
D:7:      layout_gridville
D:8:      layout_gridville
D:9:      cheibrodos_steamvent, layout_small_grid, kennysheep_generic_room_6
D:10:     layout_basic, nicolae_uskayaw_en_pointe, minmay_misc_feat_ornament
D:11:     layout_loops_ring, lair_entry_dummy, erik_orc_2
D:12:     layout_small_grid, gammafunk_ghost_cemetery
D:13:     layout_basic, erik_vaults_1, nicolae_shop_gadgets
Temple:   corrupted_temple
Lair:1:   layout_cellular_growth, infiniplex_staircase_pool
Lair:2:   layout_long_grid, hellmonk_spider_entry_life_and_decay,
          nzn_ghost_randoct
Lair:3:   layout_regular_city, minmay_swamp_entry_eels, beast_lair_carwin_9
Lair:4:   layout_cave_shapes, slime_entry_1, basic_altar, lemuel_fruit_fields,
          lemuel_fruit_tree, uniq_sonja
Abyss:2:  base:
D:3

Skill      XL: |  1  2  3  4  5  6  7  8  9 10 11 12 13 |
---------------+----------------------------------------+-----
Axes           | 4 5 6 |  6.4
Fighting       | 4 5 6 7 8 9 10 11 12 | 12.8
Polearms       | 1 2 4 5 8 10 11 12 13 | 13.4
Armour         | 3 4 5 6 8 9 10 13 14 | 14.4
Dodging        | 3 4 5 |  5.3
Maces & Flails | 3 7 8 |  8.6
Shields        | 1 4 7 9 11 | 11.0
Throwing       | 5 6 |  6.0
Stealth        | 1 |  1.6
Evocations     | 1 |  1.0

Action                     |  1- 3 |  4- 6 |  7- 9 | 10-12 | 13-15 || total
---------------------------+-------+-------+-------+-------+-------++-------
  Melee: Hand axe          |    16 |       |       |       |       ||    16
         Trident           |    45 |    52 |       |   111 |   308 ||   516
         Headbutt          |     3 |    15 |    52 |   133 |    71 ||   274
         Spear             |       |    25 |    95 |   620 |       ||   740
         Mace              |       |     6 |   261 |       |       ||   267
         Punch             |       |       |     5 |       |       ||     5
         Broad axe         |       |       |       |       |    11 ||    11
  Throw: Stone             |       |       |     5 |     3 |       ||     8
         Dart              |       |       |       |    70 |     3 ||    73
         Boomerang         |       |       |       |    27 |     9 ||    36
 Invoke: Berserk           |       |     1 |     2 |     3 |     4 ||    10
         Trog's Hand       |       |     1 |     1 |     4 |       ||     6
         Brothers in Arms  |       |       |       |     1 |     1 ||     2
Ability: Evoke Blink       |       |       |       |     2 |       ||     2
  Evoke: Box of beasts     |       |       |       |     1 |       ||     1
    Use: Scroll            |       |       |     9 |     3 |     1 ||    13
   Stab: Distracted        |       |       |       |     1 |       ||     1
 Armour: Ring mail         |    20 |     6 |       |       |       ||    26
         Animal skin       |     3 |       |       |       |       ||     3
         Scale mail        |       |    19 |       |       |       ||    19
         Chain mail        |       |    10 |   187 |    25 |       ||   222
         Plate armour      |       |       |       |   214 |   134 ||   348
  Dodge: Dodged            |    24 |    32 |   149 |   132 |    83 ||   420
  Block: Kite shield       |       |       |    15 |   238 |   159 ||   412

Table legend: (Time is in decaauts)
 A = Elapsed time spent in this place.
 B = Non-inter-level travel time spent in this place.
 C = Inter-level travel time spent in this place.
 D = Time resting spent in this place.
 E = Time spent auto-exploring this place.
 F = Levels seen in this place.
 G = Mean time per level.
                   A        B        C        D        E       F      G
               +--------+--------+--------+--------+--------+-----+--------+
         Total |  16971 |  15878 |   1093 |    580 |  10343 |  20 |  848.5 |
       Dungeon |  12609 |  11720 |    889 |     89 |   7869 |  13 |  969.9 |
        Temple |     41 |     29 |     12 |      0 |     23 |   1 |   41.0 |
          Lair |   3862 |   3671 |    191 |    366 |   2237 |   4 |  965.5 |
         Abyss |     82 |     82 |      0 |      0 |     70 |   1 |   82.0 |
       Ossuary |    375 |    375 |      0 |    124 |    143 |   1 |  375.0 |
               +--------+--------+--------+--------+--------+-----+--------+

Top non-repeatable levels by time:
    D:12: 1638 daAuts
     D:4: 1622 daAuts
  Lair:3: 1424 daAuts
    D:10: 1354 daAuts
    D:11: 1198 daAuts
  Lair:2: 1184 daAuts
     D:9: 1127 daAuts
  Lair:1: 1034 daAuts
     D:5: 921 daAuts
     D:8: 917 daAuts
     D:1: 869 daAuts
     D:7: 779 daAuts
     D:2: 707 daAuts
     D:6: 678 daAuts
     D:3: 675 daAuts
